Cogmind - Beta 15 @@@ ROGUE MODE // 2025.07.24 @ 15:31:36 Player: BVrutally Odd Result: Escaped! Performance ------------- Evolutions (9) 4500 Regions Visited (31) 6200 Robots Destroyed (83) 415 Value Destroyed (2277) 2277 Prototype IDs (56) 1120 Alien Tech Used (1) 200 Bonus (6168) 6168 TOTAL SCORE: 20880 Bonus ------- Follower Combat Kills 20 Entered DSFs 500 Aligned with FarCom 300 Met Data Miner 300 Met Zhirov 300 Met Warlord at Base 500 MAIN.C Attacked Warlord 500 Warlord Defense Kills 1152 Win 3000 Friendly Fire -404 Cogmind --------- Core Integrity 1600/1600 Matter 300/300 Energy 149/150 System Corruption 1% Temperature Cool (2) Movement Flying (32) Location To Epsilon Eridani Parts ------- > --- POWER (1) -------- Light Angular Momentum Engine > --- PROPULSION (2) --- Cooled Impulse Thruster Cooled Impulse Thruster > --- UTILITY (20) ----- Advanced Weight Redist. System Structural Scanner Spectral Analyzer Experimental Sensor Array Advanced Signal Interpreter Advanced Melee Analysis Suite Advanced Melee Analysis Suite Advanced Melee Analysis Suite Core Analyzer Advanced Reaction Control System Experimental Weapon Shielding Hacking Suite Makeshift Hacking Suite Improved Hacking Suite System Mapper Advanced System Shield > --- WEAPON (2) ------- Greatsword > --- INVENTORY (5) ---- Stasis Canceller Long-range Missile Launcher Shock Maul Power Sword Peak State ------------ > --- POWER ------------ Light Angular Momentum Engine > --- PROPULSION ------- Cooled Impulse Thruster Cooled Impulse Thruster > --- UTILITY ---------- Advanced Weight Redist. System Structural Scanner Spectral Analyzer Experimental Sensor Array Advanced Signal Interpreter Advanced Melee Analysis Suite Advanced Melee Analysis Suite Advanced Melee Analysis Suite Core Analyzer Advanced Reaction Control System Makeshift Cloaking Device Experimental Weapon Shielding Hacking Suite Hacking Suite Makeshift Hacking Suite Improved Hacking Suite System Mapper Advanced System Shield Supersonic Drone Bay > --- WEAPON ----------- Greatsword > --- INVENTORY -------- Stasis Canceller Long-range Missile Launcher Shock Maul Power Sword [Rating: 135] Favorites ----------- Power Light Angular Momentum Engine Engine Light Angular Momentum Engine Power Core Enhanced Nuclear Core Propulsion Cooled Impulse Thruster Flight Unit Cooled Impulse Thruster Utility Advanced Melee Analysis Suite Device Advanced Weight Redist. System Processor Advanced Melee Analysis Suite Hackware Hacking Suite Protection Experimental Weapon Shielding Weapon Greatsword Energy Gun Medium Laser Launcher Long-range Missile Launcher Special Weapon Mining Laser Impact Weapon Shock Maul Slashing Weapon Greatsword Special Melee Weapon Datajack Build | -11 -10 -10 -10 -9 -8 -7 -7 -7 -7 -6 -6 -6 -6 -6 -6 -6 -5 -5 -5 -5 -5 -4 -4 -4 -4 -4 -3 -3 -3 -2 -1 ------- Run | Yrd Mat Min Exi Min Mat Fac Low Low Dat Pro Fac Was Fac Low Low Zio Pro Fac Upp Upp War Pro Fac Upp Upp Zhi Pro Res DSF Res Acc Slots Evolved 18 | . . . . . 4 2 . . . . 2 . . . . . . 2 . . . . 2 . . . . 2 . 2 2 Power . | . . . . . . . . . . . . . . . . . . . . . . . . . . . . . . . . Propulsion . | . . . . . . . . . . . . . . . . . . . . . . . . . . . . . . . . Utility 18 | . . . . . 4 2 . . . . 2 . . . . . . 2 . . . . 2 . . . . 2 . 2 2 Weapon . | . . . . . . . . . . . . . . . . . . . . . . . . . . . . . . . . Parts Attached 64 | 3 5 . 1 1 10 3 2 . . 2 10 . 1 . . 3 . 2 . . 9 . 1 1 . 2 1 2 2 3 . Power 6 | 1 . . . . 1 1 . . . . 2 . . . . . . . . . 1 . . . . . . . . . . Engine 5 | 1 . . . . 1 . . . . . 2 . . . . . . . . . 1 . . . . . . . . . . Core 1 | . . . . . . 1 . . . . . . . . . . . . . . . . . . . . . . . . . Reactor . | . . . . . . . . . . . . . . . . . . . . . . . . . . . . . . . . Propulsion 7 | . 1 . . . . . . . . 1 2 . . . . . . . . . 2 . . . . 1 . . . . . Treads . | . . . . . . . . . . . . . . . . . . . . . . . . . . . . . . . . Leg . | . . . . . . . . . . . . . . . . . . . . . . . . . . . . . . . . Wheel . | . . . . . . . . . . . . . . . . . . . . . . . . . . . . . . . . Hover . | . . . . . . . . . . . . . . . . . . . . . . . . . . . . . . . . Flight 7 | . 1 . . . . . . . . 1 2 . . . . . . . . . 2 . . . . 1 . . . . . Utility 36 | . 1 . 1 1 8 2 . . . . 6 . 1 . . 1 . 2 . . 4 . 1 1 . 1 . 2 2 2 . Device 14 | . . . 1 1 3 . . . . . . . . . . 1 . . . . 2 . 1 1 . . . 1 2 1 . Storage . | . . . . . . . . . . . . . . . . . . . . . . . . . . . . . . . . Processor 15 | . 1 . . . 4 2 . . . . 5 . 1 . . . . 1 . . 1 . . . . . . . . . . Hackware 6 | . . . . . 1 . . . . . 1 . . . . . . 1 . . 1 . . . . . . 1 . 1 . Protection 1 | . . . . . . . . . . . . . . . . . . . . . . . . . . 1 . . . . . Artifact . | . . . . . . . . . . . . . . . . . . . . . . . . . . . . . . . . Weapon 15 | 2 3 . . . 1 . 2 . . 1 . . . . . 2 . . . . 2 . . . . . 1 . . 1 . Energy Gun 3 | 2 1 . . . . . . . . . . . . . . . . . . . . . . . . . . . . . . Energy Cannon . | . . . . . . . . . . . . . . . . . . . . . . . . . . . . . . . . Ballistic Gun . | . . . . . . . . . . . . . . . . . . . . . . . . . . . . . . . . Ballistic Cannon . | . . . . . . . . . . . . . . . . . . . . . . . . . . . . . . . . Launcher 3 | . . . . . . . 1 . . 1 . . . . . . . . . . 1 . . . . . . . . . . Special Weapon 1 | . 1 . . . . . . . . . . . . . . . . . . . . . . . . . . . . . . Impact Weapon 1 | . . . . . . . . . . . . . . . . . . . . . . . . . . . . . . 1 . Slashing Weapon 6 | . . . . . 1 . 1 . . . . . . . . 2 . . . . 1 . . . . . 1 . . . . Piercing Weapon . | . . . . . . . . . . . . . . . . . . . . . . . . . . . . . . . . Special Melee Weapon 1 | . 1 . . . . . . . . . . . . . . . . . . . . . . . . . . . . . . Unidentified Prototypes 13 | . . . . 1 . 1 . . . . . . . . . 1 . . . . 5 . . . . 3 . . . 2 . Parts Lost 4 | . . . . . . . 1 . . 1 . . . . . . . . . . . . . . . . . . . . 2 Power 1 | . . . . . . . . . . 1 . . . . . . . . . . . . . . . . . . . . . Propulsion 1 | . . . . . . . 1 . . . . . . . . . . . . . . . . . . . . . . . . Utility 2 | . . . . . . . . . . . . . . . . . . . . . . . . . . . . . . . 2 Weapon . | . . . . . . . . . . . . . . . . . . . . . . . . . . . . . . . . Highest Loss Streak 2 | . . . . . . . 1 . . 1 . . . . . . . . . . . . . . . . . . . . 2 To Critical Strikes . | . . . . . . . . . . . . . . . . . . . . . . . . . . . . . . . . Average Backups 4 | 1 3 4 5 4 5 4 4 4 4 4 4 5 5 5 4 4 5 4 5 5 4 4 4 4 5 5 5 4 5 4 4 Power . | . . . . . . . . . . . . 1 1 1 1 . . . 1 1 . . . . . . . . . . . Propulsion . | . . . . . . . . . . . . . . . . . . . . . . . . . . . . . . . . Utility 1 | . . . 1 1 2 2 1 1 1 1 1 2 2 2 2 2 3 1 2 2 2 3 2 2 3 3 3 2 3 2 1 Weapon 2 | 1 2 2 3 3 3 2 2 3 3 2 2 2 2 2 1 2 2 2 2 2 1 1 2 2 2 2 2 2 2 2 3 Tool/Special . | . . . . . . . . . . . . . . . . . . . . . . . . . . . . . . . . Unused Backups 6 | . . . . . . 1 . . . 1 . . . . . 1 . 1 1 . 1 . . . . . . . . . . Power 1 | . . . . . . . . . . . . . . . . 1 . . . . . . . . . . . . . . . Propulsion . | . . . . . . . . . . . . . . . . . . . . . . . . . . . . . . . . Utility 2 | . . . . . . . . . . 1 . . . . . . . . . . 1 . . . . . . . . . . Weapon 3 | . . . . . . 1 . . . . . . . . . . . 1 1 . . . . . . . . . . . . Tool/Special . | . . . . . . . . . . . . . . . . . . . . . . . . . . . . . . . . Average Slot Usage (%) 80 | . 30 57 57 60 63 77 76 76 76 75 82 93 93 93 93 93 93 93 94 94 94 94 86 94 94 93 94 92 95 92 86 Engine 5 | . 10 . . . 5 6 7 7 7 6 4 6 6 6 6 6 6 5 5 5 5 5 5 5 5 5 5 4 4 4 4 Flight 8 | . 5 14 14 14 9 7 1 . . . 7 13 13 13 13 13 13 11 11 11 11 11 10 10 10 10 10 9 9 8 8 Device 14 | . . . . 3 12 15 20 23 23 23 13 13 13 13 13 13 13 17 17 17 11 11 12 21 21 17 15 16 19 20 19 Processor 29 | . 1 14 14 14 20 31 31 30 30 30 36 40 40 40 40 40 40 35 35 35 35 35 31 31 31 31 31 28 28 26 24 Hackware 12 | . . . . . 6 7 7 7 7 7 11 13 13 13 13 13 13 16 17 17 22 23 21 21 21 21 21 23 23 22 23 Energy Gun 3 | . 7 28 28 25 1 . . . . . . . . . . . . . . . . . . . . . . . . . . Slashing Weapon 4 | . . . . . 8 7 6 7 7 6 5 6 6 6 6 6 6 5 5 5 4 4 5 5 5 5 5 4 4 4 4 Peak Build Rating 135 | 3 4 5 13 14 31 34 39 39 39 40 59 59 61 69 69 69 69 76 76 76 99 97 98 105 104 109 108 116 121 131 135 Average Rating 57 | 1 2 4 6 8 19 29 37 38 39 39 43 59 58 66 68 68 69 74 76 76 94 96 93 104 104 105 107 114 116 123 125 On Entrance 61 | . 1 4 5 6 6 25 32 31 39 39 31 59 59 61 69 69 69 69 76 76 76 99 97 97 104 104 108 108 116 121 127 Naked Turns . | . . . . . . . . . . . . . . . . . . . . . . . . . . . . . . . . Heaviest Build 23 | 4 4 4 4 4 10 10 12 12 12 14 16 16 16 16 16 16 16 17 17 17 21 15 18 19 17 17 17 18 23 21 22 Greatest Support 29 | 3 4 4 4 4 13 13 13 12 12 12 17 17 17 17 17 17 17 17 17 17 23 23 23 23 23 23 23 23 29 23 23 Greatest Overweight (x) 5 | 1 1 . . . . . . . . 1 1 . . . . . . . . . . . . . . . . . 5 . . Average Overweight (x) . | . . . . . . . . . . . . . . . . . . . . . . . . . . . . . . . . Largest Inventory Capacity 5 | 5 5 5 5 5 5 5 5 5 5 5 5 5 5 5 5 5 5 5 5 5 5 5 5 5 5 5 5 5 5 5 5 Average Capacity 5 | 5 5 5 5 5 5 5 5 5 5 5 5 5 5 5 5 5 5 5 5 5 5 5 5 5 5 5 5 5 5 5 5 Most Carried 5 | 3 5 5 5 5 5 5 5 4 4 5 5 5 5 5 5 5 5 5 5 5 5 5 5 5 5 5 5 5 5 5 4 Average Carried 4 | 1 3 4 4 4 5 4 4 4 4 4 4 5 5 5 4 4 5 4 5 5 4 4 4 4 5 4 5 4 5 4 4 Final Capacity 5 | 5 5 5 5 5 5 5 5 5 5 5 5 5 5 5 5 5 5 5 5 5 5 5 5 5 5 5 5 5 5 5 5 Final Carried 5 | 3 3 5 5 5 5 5 5 4 4 5 5 5 5 5 5 5 5 5 5 5 5 5 5 5 5 5 5 5 5 5 4 Class Distribution -------------------- 41% | Hacker-Scout 22% | Scout 19% | Mutant 6% | Wizard-Ninja 5% | Hacker-Ninja Dominant Class ---------------- Mutant | -10/Materials Mutant | -10/Mines Mutant | -10/Exiles Mutant | -9/Mines Mutant | -8/Materials Scout | -7/Factory Scout | -7/Lower Caves Scout | -7/Lower Caves Scout | -7/Data Miner Scout | -6/Proximity Caves Hacker-Scout | -6/Factory Hacker-Scout | -6/Waste Hacker-Scout | -6/Factory Hacker-Scout | -6/Lower Caves Hacker-Scout | -6/Lower Caves Hacker-Scout | -6/Zion Hacker-Scout | -5/Proximity Caves Hacker-Scout | -5/Factory Hacker-Scout | -5/Upper Caves Hacker-Scout | -5/Upper Caves Hacker-Scout | -5/Warlord Hacker-Scout | -4/Proximity Caves Hacker-Scout | -4/Factory Hacker-Scout | -4/Upper Caves Hacker-Ninja | -4/Upper Caves Hacker-Ninja | -4/Zhirov Hacker-Ninja | -3/Proximity Caves Wizard-Ninja | -3/Research Wizard-Scout | -3/DSF Wizard-Ninja | -2/Research Wizard-Ninja | -1/Access Resources | -11 -10 -10 -10 -9 -8 -7 -7 -7 -7 -6 -6 -6 -6 -6 -6 -6 -5 -5 -5 -5 -5 -4 -4 -4 -4 -4 -3 -3 -3 -2 -1 ----------- Run | Yrd Mat Min Exi Min Mat Fac Low Low Dat Pro Fac Was Fac Low Low Zio Pro Fac Upp Upp War Pro Fac Upp Upp Zhi Pro Res DSF Res Acc Matter Collected 1664 | 220 103 14 . 47 96 . 151 134 . . 219 . . 30 . 50 . 40 . . 235 75 20 20 . . 80 20 . 100 10 Remotely . | . . . . . . . . . . . . . . . . . . . . . . . . . . . . . . . . Salvage Created 4007 | 119 187 47 . 12 259 . 91 106 . 16 807 . . 95 74 . . 173 172 99 466 89 492 . 22 . . 230 . 303 148 Parts 190 | 10 6 2 . 1 20 . 3 3 . 1 32 . . 5 6 . . 11 . 1 17 4 29 . . . . 13 . 17 9 Haulers Intercepted 8 | . 1 . . . 1 . . . . . 3 . . . . . . . . . . . 2 . . . . . . 1 . Recyclers Shooed 4 | 2 1 . . . . . . . . . 1 . . . . . . . . . . . . . . . . . . . . Parts Field Recycled . | . . . . . . . . . . . . . . . . . . . . . . . . . . . . . . . . Retrieved Matter . | . . . . . . . . . . . . . . . . . . . . . . . . . . . . . . . . Parts Self-Destructed 13 | . . . . . . . 2 . . . . . . 5 3 . . . . . . 3 . . . . . . . . . Prevented 3 | . . . . . . . . . . . . . . . . . . . . . . 3 . . . . . . . . . Kills | -11 -10 -10 -10 -9 -8 -7 -7 -7 -7 -6 -6 -6 -6 -6 -6 -6 -5 -5 -5 -5 -5 -4 -4 -4 -4 -4 -3 -3 -3 -2 -1 ------- Run | Yrd Mat Min Exi Min Mat Fac Low Low Dat Pro Fac Was Fac Low Low Zio Pro Fac Upp Upp War Pro Fac Upp Upp Zhi Pro Res DSF Res Acc Combat Hostiles Destroyed 34 | . 1 3 . . 2 . 4 1 . 3 1 . . 1 . . . . . . 10 4 2 . . . . . . . 2 Melee 9 | . . . . . 2 . . 1 . . 1 . . 1 . . . . . . . . 2 . . . . . . . 2 Guns 4 | . 1 3 . . . . . . . . . . . . . . . . . . . . . . . . . . . . . AOE 21 | . . . . . . . 4 . . 3 . . . . . . . . . . 10 4 . . . . . . . . . Classes Destroyed 17 | 2 3 1 . 1 2 . 1 2 . . 1 . . 1 . . . . . . 2 . 1 . . . . . . . . Worker 6 | . . . . 1 . . . . . . 2 . . . . . . 1 . . . . . . . . . . . 1 1 Builder 7 | . . . . . 1 . . . . . 1 . . . . . . . . . . . 3 . . . . 2 . . . Tunneler 6 | 3 . . . . 1 . . . . . 1 . . . . . . . . . . . 1 . . . . . . . . Hauler 8 | . 1 . . . 1 . . . . . 3 . . . . . . . . . . . 2 . . . . . . 1 . Recycler 7 | 1 1 . . . . . . . . . 2 . . . . . . 1 . . . . . . . . . 1 . 1 . Minesweeper 4 | . . . . . . . . . . . . . . 1 1 . . . . . . 2 . . . . . . . . . Operator 3 | . . . . . . . . . . . 1 . . . . . . 1 . . . . . . . . . . . 1 . Watcher 8 | . 1 . . . 2 . . . . . 1 . . . . . . . . . . . 2 . . . . 1 . 1 . Swarmer 10 | . . 3 . . . . . . . 3 . . . . . . . . . . . 4 . . . . . . . . . Grunt 11 | . 1 . . . . . 3 . . . . . . . . . . . . . 7 . . . . . . . . . . Brawler 1 | . . . . . . . . . . . . . . . . . . . . . 1 . . . . . . . . . . Duelist 1 | . . . . . . . 1 . . . . . . . . . . . . . . . . . . . . . . . . Sentry 5 | . . . . . 2 . . . . . 1 . . 1 . . . . . . . . 1 . . . . . . . . Specialist 1 | . . . . . . . . . . . . . . . . . . . . . 1 . . . . . . . . . . Hunter 2 | . . . . . . . . 1 . . . . . . . . . . . . 1 . . . . . . . . . . Programmer 3 | . . . . . . . . . . . . . . . . . . . . . . . 1 . . . . . . . 2 Decomposer 3 | . . . . . . . . . . . . . . . . . . . . 2 . . . . 1 . . . . . . Samaritan 4 | . . . . . . . . 2 . . . . . . 1 . . . . 1 . . . . . . . . . . . Best Kill Streak 10 | 3 1 3 . 1 3 . 4 1 . 3 2 . . 2 1 . . 2 . . 10 4 5 . . . . 2 . 2 3 Combat Bots Only 10 | . 1 3 . . 2 . 4 1 . 3 1 . . 1 . . . . . . 10 4 1 . . . . . . . 2 Max Kills in Single Turn 4 | 1 1 1 . 1 1 . 1 1 . 2 1 . . 1 1 . . 1 . 1 4 3 1 . 1 . . 1 . 1 1 Gunslinging . | . . . . . . . . . . . . . . . . . . . . . . . . . . . . . . . . Exploded 4 | . . . . . . . 1 . . 2 . . . . . . . . . . 4 3 . . . . . . . . . Melee 1 | . . . . . 1 . . 1 . . 1 . . 1 . . . . . . . . 1 . . . . . . . 1 Uniques/NPCs Destroyed . | . . . . . . . . . . . . . . . . . . . . . . . . . . . . . . . . Combat | -11 -10 -10 -10 -9 -8 -7 -7 -7 -7 -6 -6 -6 -6 -6 -6 -6 -5 -5 -5 -5 -5 -4 -4 -4 -4 -4 -3 -3 -3 -2 -1 -------- Run | Yrd Mat Min Exi Min Mat Fac Low Low Dat Pro Fac Was Fac Low Low Zio Pro Fac Upp Upp War Pro Fac Upp Upp Zhi Pro Res DSF Res Acc Hostile Shots Fired 143 | . 20 7 . . 4 . 23 6 . 7 18 . . 18 . . . . . . . . 4 . . . . . 10 16 10 Missed 71 | . 8 1 . . 1 . 16 1 . 4 9 . . 7 . . . . . . . . 2 . . . . . 10 8 4 Hits 72 | . 12 6 . . 3 . 7 5 . 3 9 . . 11 . . . . . . . . 2 . . . . . . 8 6 Melee 1 | . . . . . . . 1 . . . . . . . . . . . . . . . . . . . . . . . . Projectile 71 | . 12 6 . . 3 . 6 5 . 3 9 . . 11 . . . . . . . . 2 . . . . . . 8 6 Critical Strikes 4 | . . . . . 1 . 1 . . . . . . . . . . . . . 1 . . . . . . . . . 1 Damage Taken 1116 | . 128 48 . . 42 . 145 70 . 47 52 . . 83 . . . . . . 61 . 41 . . . . . . 254 145 Core 369 | . 54 33 . . 13 . 100 17 . . 23 . . 18 . . . . . . 22 . . . . . . . . 89 . Absorbed by Shields . | . . . . . . . . . . . . . . . . . . . . . . . . . . . . . . . . Redirected to Shielding 175 | . . . . . . . . . . . . . . . . . . . . . . . . . . . . . . 110 65 Regen/Repaired (Parts) 81 | . . . . . . . . . . . . . . . . . . . . . 28 . . . . . . . . . 53 Core Remaining (%) 93 | 100 . . . 65 97 . . . . 83 . . . . . . 95 . . . . 97 . . . . 100 . 100 93 100 Volleys Fired 57 | 11 13 4 . 4 3 . 6 . . 6 . . . . . . . . . . 7 3 . . . . . . . . . Largest 2 | 2 2 2 . 2 2 . 1 . . 1 . . . . . . . . . . 1 1 . . . . . . . . . Hottest 100 | 100 100 100 . 100 100 . 39 . . 39 . . . . . . . . . . 43 43 . . . . . . . . . Shots Fired 88 | 22 25 8 . 5 6 . 6 . . 6 . . . . . . . . . . 7 3 . . . . . . . . . Gun 62 | 22 24 8 . 2 6 . . . . . . . . . . . . . . . . . . . . . . . . . . Cannon . | . . . . . . . . . . . . . . . . . . . . . . . . . . . . . . . . Launcher 22 | . . . . . . . 6 . . 6 . . . . . . . . . . 7 3 . . . . . . . . . Special 4 | . 1 . . 3 . . . . . . . . . . . . . . . . . . . . . . . . . . . Kinetic . | . . . . . . . . . . . . . . . . . . . . . . . . . . . . . . . . Thermal 66 | 22 25 8 . 5 6 . . . . . . . . . . . . . . . . . . . . . . . . . . Explosive 22 | . . . . . . . 6 . . 6 . . . . . . . . . . 7 3 . . . . . . . . . Electromagnetic . | . . . . . . . . . . . . . . . . . . . . . . . . . . . . . . . . Robot Hit Streak 18 | 11 18 2 . 3 1 . 6 . . . . . . . . . . . . . 2 . . . . . . . . . . Robot Miss Streak 5 | 2 3 2 . . 5 . . . . 2 . . . . . . . . . . 1 . . . . . . . . . . Penetration Max . | . . . . . . . . . . . . . . . . . . . . . . . . . . . . . . . . Secondary Targets . | . . . . . . . . . . . . . . . . . . . . . . . . . . . . . . . . Shots Hit Robots 125 | 14 13 4 . 1 11 . 5 6 . . 20 . . 4 2 . . 3 5 3 3 4 13 . 1 . . 4 . 6 3 Core Hits 111 | 5 7 3 . 1 5 . 8 3 . 3 8 . . 2 1 . . 1 3 . 34 6 9 . 1 . . 4 . 5 2 Critical Kills . | . . . . . . . . . . . . . . . . . . . . . . . . . . . . . . . . Critical Parts Destroyed . | . . . . . . . . . . . . . . . . . . . . . . . . . . . . . . . . Critical Strikes 9 | 1 3 . . 1 1 . . . . . 1 . . 1 . . . . . . . . 1 . . . . . . . . Burn 5 | 1 3 . . 1 . . . . . . . . . . . . . . . . . . . . . . . . . . . Sever 4 | . . . . . 1 . . . . . 1 . . 1 . . . . . . . . 1 . . . . . . . . Melee Attacks 194 | . . . . . 37 2 8 6 . 2 39 . . 4 2 . 5 4 6 4 1 10 20 . 2 . 7 7 . 15 13 Impact . | . . . . . . . . . . . . . . . . . . . . . . . . . . . . . . . . Slashing 194 | . . . . . 37 2 8 6 . 2 39 . . 4 2 . 5 4 6 4 1 10 20 . 2 . 7 7 . 15 13 Piercing . | . . . . . . . . . . . . . . . . . . . . . . . . . . . . . . . . Sneak Attacks 48 | . . . . . 5 . . 5 . . 12 . . 1 2 . . 2 . 3 . 2 7 . 1 . . 3 . 4 1 Combat Hostiles 3 | . . . . . 1 . . . . . 1 . . . . . . . . . . . 1 . . . . . . . . Follow-up Attacks . | . . . . . . . . . . . . . . . . . . . . . . . . . . . . . . . . Damage Inflicted 11158 | 175 165 50 . 12 620 . 466 575 . 391 1833 . . 308 255 . . 333 469 378 1531 784 1311 . 127 . . 424 . 682 269 Guns 414 | 175 165 50 . 12 12 . . . . . . . . . . . . . . . . . . . . . . . . . . Cannons . | . . . . . . . . . . . . . . . . . . . . . . . . . . . . . . . . Explosions 2797 | . . . . . . . 466 . . 391 . . . . . . . . . . 1531 409 . . . . . . . . . Melee 7947 | . . . . . 608 . . 575 . . 1833 . . 308 255 . . 333 469 378 . 375 1311 . 127 . . 424 . 682 269 Ramming . | . . . . . . . . . . . . . . . . . . . . . . . . . . . . . . . . Kinetic . | . . . . . . . . . . . . . . . . . . . . . . . . . . . . . . . . Thermal 414 | 175 165 50 . 12 12 . . . . . . . . . . . . . . . . . . . . . . . . . . Explosive 2797 | . . . . . . . 466 . . 391 . . . . . . . . . . 1531 409 . . . . . . . . . Electromagnetic . | . . . . . . . . . . . . . . . . . . . . . . . . . . . . . . . . Impact . | . . . . . . . . . . . . . . . . . . . . . . . . . . . . . . . . Slashing 7947 | . . . . . 608 . . 575 . . 1833 . . 308 255 . . 333 469 378 . 375 1311 . 127 . . 424 . 682 269 Piercing . | . . . . . . . . . . . . . . . . . . . . . . . . . . . . . . . . Highest Corruption 2 | . . . . . . 2 2 2 2 2 . . . . . . . . . . . . . . . . . . . . 1 Average Corruption 1 | . . . . . . 2 2 2 2 2 . . . . . . . . . . . . . . . . . . . . 1 Corruption Purged . | . . . . . . . . . . . . . . . . . . . . . . . . . . . . . . . . Corruption Blocked . | . . . . . . . . . . . . . . . . . . . . . . . . . . . . . . . . Effects 15 | . . . . . . . 9 4 . 2 . . . . . . . . . . . . . . . . . . . . . Message Errors 7 | . . . . . . . 6 1 . . . . . . . . . . . . . . . . . . . . . . . Matter Fused 2 | . . . . . . . 2 . . . . . . . . . . . . . . . . . . . . . . . . Heat Flow Errors 3 | . . . . . . . 1 2 . . . . . . . . . . . . . . . . . . . . . . . Energy Discharges 3 | . . . . . . . . 1 . 2 . . . . . . . . . . . . . . . . . . . . . Overload Shots . | . . . . . . . . . . . . . . . . . . . . . . . . . . . . . . . . Overflow Damage 1718 | . . . . . 139 . 13 70 . 7 459 . . 20 88 . . 133 13 305 1 226 128 . . . . . . 22 94 Projectiles . | . . . . . . . . . . . . . . . . . . . . . . . . . . . . . . . . Explosions 66 | . . . . . . . 13 . . 7 . . . . . . . . . . 1 45 . . . . . . . . . Melee 1652 | . . . . . 139 . . 70 . . 459 . . 20 88 . . 133 13 305 . 181 128 . . . . . . 22 94 Knockbacks . | . . . . . . . . . . . . . . . . . . . . . . . . . . . . . . . . Impact . | . . . . . . . . . . . . . . . . . . . . . . . . . . . . . . . . Kinetic . | . . . . . . . . . . . . . . . . . . . . . . . . . . . . . . . . Secondary . | . . . . . . . . . . . . . . . . . . . . . . . . . . . . . . . . Self-Inflicted Damage 19 | . . . . . . . 14 . . 5 . . . . . . . . . . . . . . . . . . . . . Shots 2 | . . . . . . . 1 . . 1 . . . . . . . . . . . . . . . . . . . . . Rammed . | . . . . . . . . . . . . . . . . . . . . . . . . . . . . . . . . Targets Rammed . | . . . . . . . . . . . . . . . . . . . . . . . . . . . . . . . . Kicked . | . . . . . . . . . . . . . . . . . . . . . . . . . . . . . . . . Crushed . | . . . . . . . . . . . . . . . . . . . . . . . . . . . . . . . . Highest Temperature 232 | 118 232 132 . 29 28 . 184 176 . . . . . . . . . . . . . . . . . . . . . . . Average Temperature 66 | 59 83 71 . 7 16 . 100 92 . . . . . . . . . . . . . . . . . . . . . . . Received Heat Transfer 219 | . 72 . . . 27 . 51 . . . . . . 24 . . . . . . . . . . . . . . . 45 . Siege Activations . | . . . . . . . . . . . . . . . . . . . . . . . . . . . . . . . . Martial Activations . | . . . . . . . . . . . . . . . . . . . . . . . . . . . . . . . . Shielding Activations . | . . . . . . . . . . . . . . . . . . . . . . . . . . . . . . . . Robots Disrupted . | . . . . . . . . . . . . . . . . . . . . . . . . . . . . . . . . Combat Hostiles . | . . . . . . . . . . . . . . . . . . . . . . . . . . . . . . . . Robots Corrupted . | . . . . . . . . . . . . . . . . . . . . . . . . . . . . . . . . Combat Hostiles . | . . . . . . . . . . . . . . . . . . . . . . . . . . . . . . . . Parts Fried . | . . . . . . . . . . . . . . . . . . . . . . . . . . . . . . . . Impact Corruptions . | . . . . . . . . . . . . . . . . . . . . . . . . . . . . . . . . Robots Melted . | . . . . . . . . . . . . . . . . . . . . . . . . . . . . . . . . Combat Hostiles . | . . . . . . . . . . . . . . . . . . . . . . . . . . . . . . . . Parts Melted 3 | 1 2 . . . . . . . . . . . . . . . . . . . . . . . . . . . . . . Heat Transferred 1591 | 592 703 148 . 111 37 . . . . . . . . . . . . . . . . . . . . . . . . . . Parts Sabotaged . | . . . . . . . . . . . . . . . . . . . . . . . . . . . . . . . . Parts Stolen . | . . . . . . . . . . . . . . . . . . . . . . . . . . . . . . . . Parts Stripped . | . . . . . . . . . . . . . . . . . . . . . . . . . . . . . . . . Power Chain Reactions . | . . . . . . . . . . . . . . . . . . . . . . . . . . . . . . . . Alert | -11 -10 -10 -10 -9 -8 -7 -7 -7 -7 -6 -6 -6 -6 -6 -6 -6 -5 -5 -5 -5 -5 -4 -4 -4 -4 -4 -3 -3 -3 -2 -1 ------- Run | Yrd Mat Min Exi Min Mat Fac Low Low Dat Pro Fac Was Fac Low Low Zio Pro Fac Upp Upp War Pro Fac Upp Upp Zhi Pro Res DSF Res Acc Maximum Alert Level . | . . . . . . . . . . . . . . . . . . . . . . . . . . . . . . . . Low Security (%) 100 | 100 100 100 . 100 100 100 . . . . 100 100 100 . . . . 100 . . . . 100 . . . . 100 100 100 100 Level 1 . | . . . . . . . . . . . . . . . . . . . . . . . . . . . . . . . . Level 2 . | . . . . . . . . . . . . . . . . . . . . . . . . . . . . . . . . Level 3 . | . . . . . . . . . . . . . . . . . . . . . . . . . . . . . . . . Level 4 . | . . . . . . . . . . . . . . . . . . . . . . . . . . . . . . . . Level 5 . | . . . . . . . . . . . . . . . . . . . . . . . . . . . . . . . . High Security . | . . . . . . . . . . . . . . . . . . . . . . . . . . . . . . . . Max Security . | . . . . . . . . . . . . . . . . . . . . . . . . . . . . . . . . Peak Influence 194 | 10 65 95 . 5 90 6 . . . . 36 . . . . . . 160 . . . . 194 . . . . 22 9 19 75 Initial 194 | . . 25 . . . . . . . . 33 . . . . . . 150 . . . . 194 . . . . . 9 4 . Average 20 | 1 11 59 . . 35 1 . . . . 11 . . . . . . 152 . . . . 37 . . . . 4 9 7 28 Influence Increases 2283 | 20 134 70 . 8 204 8 300 30 . 115 153 . . 25 5 . 63 175 10 60 215 100 315 . . . . 58 . 70 145 Destroy 0b10 Robot/C 740 | . 20 60 . . 40 . 80 20 . 60 20 . . 20 . . 60 . . . 200 80 40 . . . . . . . 40 Destroy 0b10 Robot/NC 255 | 20 15 . . 5 25 . . . . . 55 . . 5 5 . . 15 10 . . 10 40 . . . . 20 . 25 5 Destroy Leader 150 | . 14 10 . . 26 . 10 10 . 10 16 . . . . . . . . . . 10 28 . . . . 2 . 4 10 Allied During Kill 3 | . . . . . . . . . . . . . . . . . 3 . . . . . . . . . . . . . . Trap Triggered on 0b10 10 | . 10 . . . . . . . . . . . . . . . . . . . . . . . . . . . . . . Successful Hack 81 | . 14 . . . 14 6 . . . . . . . . . . . 8 . . . . 4 . . . . . . 14 21 Disable Machine 30 | . . . . . 15 . . . . . . . . . . . . . . . . . . . . . . . . . 15 Destroy Structure 99 | . 1 . . 3 24 2 . . . . 17 . . . . . . 2 . . . . 8 . . . . 6 . 27 9 Advance Influence 300 | . . . . . . . . . . . . . . . . . . 150 . . . . 150 . . . . . . . . Partial Spotted 180 | . 15 . . . 45 . . . . . 45 . . . . . . . . . . . 30 . . . . 30 . . 15 Lose Combat Pursuer 435 | . 45 . . . 15 . 210 . . 45 . . . . . . . . . 60 15 . 15 . . . . . . . 30 Influence Decreases 2218 | 20 69 100 35 8 203 9 204 126 . 61 207 . . 25 5 . 63 30 95 120 16 229 316 66 3 . . 46 3 79 80 Entered New Map 444 | . . 40 35 . . 1 . 19 . . 21 . . . . . . . 55 12 . 199 26 26 2 . . . 3 5 . Time Decay 1547 | 20 69 60 . 8 203 8 194 107 . 61 186 . . 25 5 . 30 30 40 108 16 30 130 40 1 . . 46 . 70 60 Lost Part 30 | . . . . . . . 10 . . . . . . . . . . . . . . . . . . . . . . . 20 Lost Ally 43 | . . . . . . . . . . . . . . . . . 33 . . . . . 10 . . . . . . . . Purge Threat 154 | . . . . . . . . . . . . . . . . . . . . . . . 150 . . . . . . 4 . Squads Dispatched 7 | . 3 . . . . . . . . . 3 . . . . . . . . . . . . . . . . . 1 . . Investigation 2 | . 1 . . . . . . . . . 1 . . . . . . . . . . . . . . . . . . . . Extermination 1 | . . . . . . . . . . . 1 . . . . . . . . . . . . . . . . . . . . Reinforcement 4 | . 2 . . . . . . . . . 1 . . . . . . . . . . . . . . . . . 1 . . Assault . | . . . . . . . . . . . . . . . . . . . . . . . . . . . . . . . . Garrison . | . . . . . . . . . . . . . . . . . . . . . . . . . . . . . . . . Intercept . | . . . . . . . . . . . . . . . . . . . . . . . . . . . . . . . . Searches Triggered . | . . . . . . . . . . . . . . . . . . . . . . . . . . . . . . . . Construction Impeded . | . . . . . . . . . . . . . . . . . . . . . . . . . . . . . . . . Haulers Reinforced 1 | . . . . . . . . . . . 1 . . . . . . . . . . . . . . . . . . . . Active Scanning Responses . | . . . . . . . . . . . . . . . . . . . . . . . . . . . . . . . . Cargo Convoy Interrupts . | . . . . . . . . . . . . . . . . . . . . . . . . . . . . . . . . Stealth | -11 -10 -10 -10 -9 -8 -7 -7 -7 -7 -6 -6 -6 -6 -6 -6 -6 -5 -5 -5 -5 -5 -4 -4 -4 -4 -4 -3 -3 -3 -2 -1 --------- Run | Yrd Mat Min Exi Min Mat Fac Low Low Dat Pro Fac Was Fac Low Low Zio Pro Fac Upp Upp War Pro Fac Upp Upp Zhi Pro Res DSF Res Acc Distress Signals 7 | . 1 . . . 1 . . . . . . . . . . . . . . . 1 . 2 . . . . . . . 2 Communications Jammed . | . . . . . . . . . . . . . . . . . . . . . . . . . . . . . . . . Distress Signals . | . . . . . . . . . . . . . . . . . . . . . . . . . . . . . . . . Times Spotted 106 | . 15 3 . . 8 . 18 1 . 6 5 5 . 1 . . . 2 . 1 16 2 6 . . . . 1 3 10 3 Peak Tracking Total 9 | . 5 3 . . 2 . 4 1 . 3 3 6 . 1 . . . 1 . 4 9 1 2 . . . . . 4 7 5 Tactical Retreats 14 | . 1 . . . 1 . 7 . . 1 . . . . . . . . . 1 1 . 1 . . . . . . . 1 Traps | -11 -10 -10 -10 -9 -8 -7 -7 -7 -7 -6 -6 -6 -6 -6 -6 -6 -5 -5 -5 -5 -5 -4 -4 -4 -4 -4 -3 -3 -3 -2 -1 ------- Run | Yrd Mat Min Exi Min Mat Fac Low Low Dat Pro Fac Was Fac Low Low Zio Pro Fac Upp Upp War Pro Fac Upp Upp Zhi Pro Res DSF Res Acc Traps Triggered 3 | . 1 . . . . 1 . . . . 1 . . . . . . . . . . . . . . . . . . . . Indirectly . | . . . . . . . . . . . . . . . . . . . . . . . . . . . . . . . . Trap Hack Attempts 54 | . 54 . . . . . . . . . . . . . . . . . . . . . . . . . . . . . . Triggered . | . . . . . . . . . . . . . . . . . . . . . . . . . . . . . . . . Disarmed 2 | . 2 . . . . . . . . . . . . . . . . . . . . . . . . . . . . . . Reprogrammed 5 | . 5 . . . . . . . . . . . . . . . . . . . . . . . . . . . . . . Reused 1 | . 1 . . . . . . . . . . . . . . . . . . . . . . . . . . . . . . Traps Extracted . | . . . . . . . . . . . . . . . . . . . . . . . . . . . . . . . . Installed . | . . . . . . . . . . . . . . . . . . . . . . . . . . . . . . . . Triggered 1 | . 1 . . . . . . . . . . . . . . . . . . . . . . . . . . . . . . Machines | -11 -10 -10 -10 -9 -8 -7 -7 -7 -7 -6 -6 -6 -6 -6 -6 -6 -5 -5 -5 -5 -5 -4 -4 -4 -4 -4 -3 -3 -3 -2 -1 ---------- Run | Yrd Mat Min Exi Min Mat Fac Low Low Dat Pro Fac Was Fac Low Low Zio Pro Fac Upp Upp War Pro Fac Upp Upp Zhi Pro Res DSF Res Acc Machines Disabled 2 | . . . . . 1 . . . . . . . . . . . . . . . . . . . . . . . . . 1 Max in Single Turn 1 | . . . . . 1 . . . . . . . . . . . . . . . . . . . . . . . . . 1 Garrison Access 4 | . . . . . 1 . . . . . . . . . . . . . . . . . . . . . . 1 . 1 1 Machines Repaired . | . . . . . . . . . . . . . . . . . . . . . . . . . . . . . . . . Machines Dismantled . | . . . . . . . . . . . . . . . . . . . . . . . . . . . . . . . . Machines Sabotaged . | . . . . . . . . . . . . . . . . . . . . . . . . . . . . . . . . Overloaded Fab Kills . | . . . . . . . . . . . . . . . . . . . . . . . . . . . . . . . . Hacking | -11 -10 -10 -10 -9 -8 -7 -7 -7 -7 -6 -6 -6 -6 -6 -6 -6 -5 -5 -5 -5 -5 -4 -4 -4 -4 -4 -3 -3 -3 -2 -1 --------- Run | Yrd Mat Min Exi Min Mat Fac Low Low Dat Pro Fac Was Fac Low Low Zio Pro Fac Upp Upp War Pro Fac Upp Upp Zhi Pro Res DSF Res Acc Machines Accessed 52 | . 4 . 1 . 5 3 2 . 4 . 6 . . 1 . . . 2 . . 10 . 2 . . 4 . 2 . 3 3 Terminals 21 | . 4 . . . 3 2 . . . . 4 . . . . . . 1 . . . . 2 . . . . 1 . 2 2 Fabricators . | . . . . . . . . . . . . . . . . . . . . . . . . . . . . . . . . Repair Stations . | . . . . . . . . . . . . . . . . . . . . . . . . . . . . . . . . Recycling Units 4 | . . . . . 1 1 . . . . 1 . . . . . . 1 . . . . . . . . . . . . . Scanalyzers . | . . . . . . . . . . . . . . . . . . . . . . . . . . . . . . . . Garrison Access 5 | . . . . . 1 . . . . . 1 . . . . . . . . . . . . . . . . 1 . 1 1 Total Hacks 127 | . 4 . 1 . 8 4 2 . 30 . 14 . . 1 . . . 6 . . 20 . 5 . . 17 . 3 . 6 6 Successful 101 | . 3 . 1 . 3 2 2 . 30 . 3 . . 1 . . . 3 . . 20 . 5 . . 17 . 2 . 6 3 Failed 26 | . 1 . . . 5 2 . . . . 11 . . . . . . 3 . . . . . . . . . 1 . . 3 Catastrophic 3 | . . . . . 1 . . . . . 1 . . . . . . 1 . . . . . . . . . . . . . Database Lockouts . | . . . . . . . . . . . . . . . . . . . . . . . . . . . . . . . . Manual 22 | . 2 . 1 . 5 2 . . . . 3 . . . . . . 1 . . 1 . 4 . . . . . . 2 1 Terminals 39 | . 4 . . . 5 3 . . . . 8 . . . . . . 4 . . . . 5 . . . . 1 . 5 4 Fabricators . | . . . . . . . . . . . . . . . . . . . . . . . . . . . . . . . . Repair Stations . | . . . . . . . . . . . . . . . . . . . . . . . . . . . . . . . . Recycling Units 9 | . . . . . 2 1 . . . . 4 . . . . . . 2 . . . . . . . . . . . . . Scanalyzers . | . . . . . . . . . . . . . . . . . . . . . . . . . . . . . . . . Garrison Access 8 | . . . . . 1 . . . . . 2 . . . . . . . . . . . . . . . . 2 . 1 2 Terminal Hacks 88 | . 2 . 1 . . 1 2 . 30 . 2 . . 1 . . . 1 . . 20 . 3 . . 17 . 1 . 5 2 Record 34 | . . . . . . . . . 11 . . . . . . . . . . . 18 . . . . 5 . . . . . Part Schematic 14 | . . . . . . . . . 10 . . . . . . . . . . . . . . . . 4 . . . . . Robot Schematic 6 | . . . . . . . . . 6 . . . . . . . . . . . . . . . . . . . . . . Robot Analysis 4 | . . . . . . . . . . . . . . . . . . . . . . . . . . 4 . . . . . Prototype ID Bank 7 | . . . . . . . . . 3 . . . . . . . . . . . . . . . . 4 . . . . . Open Door 6 | . . . . . . . 2 . . . . . . 1 . . . . . . 2 . . . . . . . . . 1 Open DSF 1 | . . . . . . . . . . . . . . . . . . . . . . . . . . . . 1 . . . Level Access Points 2 | . . . . . . . . . . . . . . . . . . . . . . . . . . . . . . 1 1 Branch Access Points 4 | . . . . . . 1 . . . . 1 . . . . . . 1 . . . . 1 . . . . . . . . Unreport Threat 3 | . . . . . . . . . . . . . . . . . . . . . . . 1 . . . . . . 2 . Locate Traps 3 | . 1 . . . . . . . . . . . . . . . . . . . . . . . . . . . . 2 . Hauler Manifests 1 | . 1 . . . . . . . . . . . . . . . . . . . . . . . . . . . . . . Registered Components 1 | . . . . . . . . . . . 1 . . . . . . . . . . . . . . . . . . . . Zone Layout 1 | . . . . . . . . . . . . . . . . . . . . . . . 1 . . . . . . . . Proto ID Catalog 1 | . . . 1 . . . . . . . . . . . . . . . . . . . . . . . . . . . . Fabricator Hacks . | . . . . . . . . . . . . . . . . . . . . . . . . . . . . . . . . Repair Station Hacks . | . . . . . . . . . . . . . . . . . . . . . . . . . . . . . . . . Recycling Unit Hacks 4 | . . . . . 1 1 . . . . 1 . . . . . . 1 . . . . . . . . . . . . . Retrieve Components 4 | . . . . . 1 1 . . . . 1 . . . . . . 1 . . . . . . . . . . . . . Scanalyzer . | . . . . . . . . . . . . . . . . . . . . . . . . . . . . . . . . Garrison Access Hacks 4 | . . . . . 1 . . . . . . . . . . . . . . . . . . . . . . 1 . 1 1 Seal Access 4 | . . . . . 1 . . . . . . . . . . . . . . . . . . . . . . 1 . 1 1 Unauthorized Hacks 5 | . 1 . . . 1 . . . . . . . . . . . . 1 . . . . 2 . . . . . . . . Terminals 5 | . 1 . . . 1 . . . . . . . . . . . . 1 . . . . 2 . . . . . . . . Assimilate 3 | . 1 . . . . . . . . . . . . . . . . 1 . . . . 1 . . . . . . . . Disrupt 1 | . . . . . . . . . . . . . . . . . . . . . . . 1 . . . . . . . . Operators 1 | . . . . . 1 . . . . . . . . . . . . . . . . . . . . . . . . . . Fabricators . | . . . . . . . . . . . . . . . . . . . . . . . . . . . . . . . . Repair Stations . | . . . . . . . . . . . . . . . . . . . . . . . . . . . . . . . . Recycling Units . | . . . . . . . . . . . . . . . . . . . . . . . . . . . . . . . . Scanalyzers . | . . . . . . . . . . . . . . . . . . . . . . . . . . . . . . . . Garrison Access . | . . . . . . . . . . . . . . . . . . . . . . . . . . . . . . . . Data Cores Recovered 4 | . 1 . . . . . . . . . 1 . . . . . . 1 . . . . . . . . . . . 1 . Used . | . . . . . . . . . . . . . . . . . . . . . . . . . . . . . . . . Hacking Detections 20 | . 2 . . . 4 1 . . . . 5 . . . . . . 2 . . . . 2 . . . . . . 2 2 Full Trace Events 1 | . . . . . . . . . . . 1 . . . . . . . . . . . . . . . . . . . . Feedback Events . | . . . . . . . . . . . . . . . . . . . . . . . . . . . . . . . . Feedback Blocked . | . . . . . . . . . . . . . . . . . . . . . . . . . . . . . . . . Robot Schematics Acquired 6 | . . . . . . . . . 6 . . . . . . . . . . . . . . . . . . . . . . Robots Built . | . . . . . . . . . . . . . . . . . . . . . . . . . . . . . . . . Authchips . | . . . . . . . . . . . . . . . . . . . . . . . . . . . . . . . . Time . | . . . . . . . . . . . . . . . . . . . . . . . . . . . . . . . . Total Robot Build Rating . | . . . . . . . . . . . . . . . . . . . . . . . . . . . . . . . . Part Schematics Acquired 14 | . . . . . . . . . 10 . . . . . . . . . . . . . . . . 4 . . . . . Parts Built . | . . . . . . . . . . . . . . . . . . . . . . . . . . . . . . . . Authchips . | . . . . . . . . . . . . . . . . . . . . . . . . . . . . . . . . Time . | . . . . . . . . . . . . . . . . . . . . . . . . . . . . . . . . Total Part Build Rating . | . . . . . . . . . . . . . . . . . . . . . . . . . . . . . . . . Parts Repaired . | . . . . . . . . . . . . . . . . . . . . . . . . . . . . . . . . Time . | . . . . . . . . . . . . . . . . . . . . . . . . . . . . . . . . Parts Recycled . | . . . . . . . . . . . . . . . . . . . . . . . . . . . . . . . . Recycled Matter . | . . . . . . . . . . . . . . . . . . . . . . . . . . . . . . . . Retrieved Matter . | . . . . . . . . . . . . . . . . . . . . . . . . . . . . . . . . Retrieved Components 16 | . . . . . 3 2 . . . . 8 . . . . . . 3 . . . . . . . . . . . . . Parts Scanalyzed . | . . . . . . . . . . . . . . . . . . . . . . . . . . . . . . . . Part Schematics Acquired . | . . . . . . . . . . . . . . . . . . . . . . . . . . . . . . . . Parts Damaged . | . . . . . . . . . . . . . . . . . . . . . . . . . . . . . . . . Bothacking | -11 -10 -10 -10 -9 -8 -7 -7 -7 -7 -6 -6 -6 -6 -6 -6 -6 -5 -5 -5 -5 -5 -4 -4 -4 -4 -4 -3 -3 -3 -2 -1 ------------ Run | Yrd Mat Min Exi Min Mat Fac Low Low Dat Pro Fac Was Fac Low Low Zio Pro Fac Upp Upp War Pro Fac Upp Upp Zhi Pro Res DSF Res Acc Used RIF Installer . | . . . . . . . . . . . . . . . . . . . . . . . . . . . . . . . . Robots Hacked . | . . . . . . . . . . . . . . . . . . . . . . . . . . . . . . . . Non-combat . | . . . . . . . . . . . . . . . . . . . . . . . . . . . . . . . . Combat . | . . . . . . . . . . . . . . . . . . . . . . . . . . . . . . . . Robot Hacks Applied . | . . . . . . . . . . . . . . . . . . . . . . . . . . . . . . . . Relay Couplers Released . | . . . . . . . . . . . . . . . . . . . . . . . . . . . . . . . . Fabnet Peak Effective % . | . . . . . . . . . . . . . . . . . . . . . . . . . . . . . . . . Robots Rewired . | . . . . . . . . . . . . . . . . . . . . . . . . . . . . . . . . Allies Hacked . | . . . . . . . . . . . . . . . . . . . . . . . . . . . . . . . . Hacks Repelled . | . . . . . . . . . . . . . . . . . . . . . . . . . . . . . . . . Allies | -11 -10 -10 -10 -9 -8 -7 -7 -7 -7 -6 -6 -6 -6 -6 -6 -6 -5 -5 -5 -5 -5 -4 -4 -4 -4 -4 -3 -3 -3 -2 -1 -------- Run | Yrd Mat Min Exi Min Mat Fac Low Low Dat Pro Fac Was Fac Low Low Zio Pro Fac Upp Upp War Pro Fac Upp Upp Zhi Pro Res DSF Res Acc Total Allies 6 | . . . . . . . . . . . . . . . . 4 . 1 . . . . 1 . . . . . . . . Largest Group 4 | . . . . . . . . . . . . . . . . 4 4 1 1 1 1 . 1 . . . . . . . . Highest-Rated Group 88 | . . . . . . . . . . . . . . . . 88 88 26 26 26 26 . 26 . . . . . . . . Highest-Rated Ally 28 | . . . . . . . . . . . . . . . . 28 28 26 26 26 26 . 26 . . . . . . . . Total Orders 15 | . . . 2 . 1 . 2 2 . . . . . . . . . . . 4 2 . . . . . . . . . 2 STAY 4 | . . . . . . . . . . . . . . . . . . . . 3 1 . . . . . . . . . . FOLLOW 2 | . . . . . . . . . . . . . . . . . . . . 1 1 . . . . . . . . . . EXPLORE 6 | . . . 1 . 1 . 1 1 . . . . . . . . . . . . . . . . . . . . . . 2 RETURN 3 | . . . 1 . . . 1 1 . . . . . . . . . . . . . . . . . . . . . . . Ally Attacks 10 | . . . . . . . . . . . . . . . . . 10 . . . . . . . . . . . . . . Total Damage 241 | . . . . . . . . . . . . . . . . . 241 . . . . . . . . . . . . . . Kills 3 | . . . . . . . . . . . . . . . . . 3 . . . . . . . . . . . . . . Allies Corrupted . | . . . . . . . . . . . . . . . . . . . . . . . . . . . . . . . . Allies Melted . | . . . . . . . . . . . . . . . . . . . . . . . . . . . . . . . . Intel | -11 -10 -10 -10 -9 -8 -7 -7 -7 -7 -6 -6 -6 -6 -6 -6 -6 -5 -5 -5 -5 -5 -4 -4 -4 -4 -4 -3 -3 -3 -2 -1 ------- Run | Yrd Mat Min Exi Min Mat Fac Low Low Dat Pro Fac Was Fac Low Low Zio Pro Fac Upp Upp War Pro Fac Upp Upp Zhi Pro Res DSF Res Acc Active Infowar (turns) 6298 | . . . . 114 560 62 579 278 39 486 523 23 20 88 168 391 267 63 84 494 608 178 263 83 89 55 239 143 67 186 148 Optics 6025 | . . . . . 560 62 579 278 39 486 364 23 20 88 168 391 267 63 84 494 608 178 263 83 89 55 239 143 67 186 148 Sensors 4718 | . . . . 114 . . 497 252 39 465 15 . . 65 168 389 267 63 84 494 600 178 21 83 89 55 239 143 64 186 148 Structural 3824 | . . . . . 269 62 465 278 39 465 519 23 20 23 . . . 63 84 494 77 . 263 83 89 29 . 83 64 184 148 T.N.C. 386 | . . . . . . . . . . . 386 . . . . . . . . . . . . . . . . . . . . Cloaking 708 | . . . . . . . . . . . . . . . . . . . . . . . . 1 . 1 239 143 37 186 101 Robot Analysis Total 4 | . . . . . . . . . . . . . . . . . . . . . . . . . . 4 . . . . . Derelict Logs Recovered 16 | . . 2 . 1 . . 2 2 . . . . . 1 . 2 1 . 3 1 . . . . 1 . . . . . . Drone Launches 6 | . . . 1 . 1 . 1 1 . . . . . . . . . . . . . . . . . . . . . . 2 Drone Recoveries 5 | . . . 1 . 1 . 1 1 . . . . . . . . . . . . . . . . . . . . . . 1 Exploration | -11 -10 -10 -10 -9 -8 -7 -7 -7 -7 -6 -6 -6 -6 -6 -6 -6 -5 -5 -5 -5 -5 -4 -4 -4 -4 -4 -3 -3 -3 -2 -1 ------------- Run | Yrd Mat Min Exi Min Mat Fac Low Low Dat Pro Fac Was Fac Low Low Zio Pro Fac Upp Upp War Pro Fac Upp Upp Zhi Pro Res DSF Res Acc Turns Passed 7313 | 92 294 128 161 443 571 62 579 278 39 486 523 23 20 88 168 391 267 63 84 494 608 178 263 83 89 55 239 143 67 186 148 Spaces Moved 11070 | 73 371 261 359 226 698 121 1002 350 78 384 686 83 67 214 341 978 365 133 196 470 944 339 389 241 255 132 309 298 44 394 269 Core 1809 | 73 160 . . . . . 740 350 78 346 53 . . . . . . . . . . . . . . . . . 9 . . Treads . | . . . . . . . . . . . . . . . . . . . . . . . . . . . . . . . . Legs . | . . . . . . . . . . . . . . . . . . . . . . . . . . . . . . . . Wheels . | . . . . . . . . . . . . . . . . . . . . . . . . . . . . . . . . Hover . | . . . . . . . . . . . . . . . . . . . . . . . . . . . . . . . . Flight 9261 | . 211 261 359 226 698 121 262 . . 38 633 83 67 214 341 978 365 133 196 470 944 339 389 241 255 132 309 298 35 394 269 Fastest Speed 26 | 50 40 40 40 40 40 40 40 50 50 35 27 27 27 27 27 27 27 27 27 27 27 32 32 32 32 32 32 32 26 32 32 Average Speed 35 | 54 46 40 40 40 40 40 47 50 50 49 37 27 27 27 27 27 27 27 27 27 30 32 32 32 32 32 32 32 70 32 32 Slowest Speed 300 | 100 100 40 40 40 40 40 50 50 50 100 100 27 27 27 27 27 27 27 27 27 32 32 32 32 32 32 32 32 300 32 32 Overloaded Moves 21 | . . . . . . . . . . . . . . . . . . . . . . . . . . . . . 21 . . Propulsion Burnouts . | . . . . . . . . . . . . . . . . . . . . . . . . . . . . . . . . Robots Hopped 9 | . 2 . . . 2 . 1 . . . . . . . . . . . . . . . . . . . . 1 . 3 . Potential Cave-ins . | . . . . . . . . . . . . . . . . . . . . . . . . . . . . . . . . Cave-ins Triggered . | . . . . . . . . . . . . . . . . . . . . . . . . . . . . . . . . Exploration Rate (%) 49 | 4 74 65 94 49 83 4 95 95 71 44 27 96 3 47 52 83 47 5 46 46 81 52 19 51 49 57 60 14 43 20 21 Regions Visited 31 Branch Regions 19 Pre-discovered Areas 6 | . . . . 1 . . . . 1 . . . . . . 1 . . . . . . . . . 3 . . . . . Known Exits Taken 27 | . 1 1 1 1 1 1 1 1 1 1 . . 1 1 1 1 1 1 1 1 1 1 1 1 1 1 1 1 . 1 . Unknown Exits Taken 1 | 1 . . . . . . . . . . . . . . . . . . . . . . . . . . . . . . . Scrap Searched 28 | . . . . . . . 4 1 . 1 . . . 2 4 2 3 . 2 1 . 3 . 2 1 . 2 . . . . Spaces Dug 123 | . . . . 3 24 2 8 . . 12 17 . . . . . 5 1 1 1 1 21 4 . 1 . 7 3 . 9 3 Terrain Destroyed 291 | . . . . 3 24 2 44 . . 58 17 . . . . . 5 1 1 1 73 35 4 . 1 . 7 3 . 9 3 Melee 95 | . . . . . 24 2 8 . . 2 17 . . . . . 5 1 1 1 1 6 4 . 1 . 7 3 . 9 3 Projectile 3 | . . . . 3 . . . . . . . . . . . . . . . . . . . . . . . . . . . AOE 193 | . . . . . . . 36 . . 56 . . . . . . . . . . 72 29 . . . . . . . . . Terrain Rammed . | . . . . . . . . . . . . . . . . . . . . . . . . . . . . . . . . Walls Destroyed . | . . . . . . . . . . . . . . . . . . . . . . . . . . . . . . . . Machines Disabled . | . . . . . . . . . . . . . . . . . . . . . . . . . . . . . . . . Actions | -11 -10 -10 -10 -9 -8 -7 -7 -7 -7 -6 -6 -6 -6 -6 -6 -6 -5 -5 -5 -5 -5 -4 -4 -4 -4 -4 -3 -3 -3 -2 -1 --------- Run | Yrd Mat Min Exi Min Mat Fac Low Low Dat Pro Fac Was Fac Low Low Zio Pro Fac Upp Upp War Pro Fac Upp Upp Zhi Pro Res DSF Res Acc Total 13905 | 102 464 275 376 567 911 130 1081 439 77 671 871 82 68 234 412 1103 522 151 214 828 1248 385 486 245 257 142 434 330 77 419 304 Wait 2358 | 11 7 9 15 331 159 . 53 82 . 268 127 . . 16 68 114 153 8 11 355 274 25 75 2 1 . 117 23 28 5 21 Move 11022 | 72 366 260 358 225 693 120 999 349 77 383 686 82 66 213 340 977 364 132 195 469 943 338 388 240 254 131 308 296 42 388 268 Hop 8 | . 2 . . . 2 . 1 . . . . . . . . . . . . . . . . . . . . 1 . 2 . Pick Up 28 | 3 3 2 . . . 2 . . . 2 2 . . . 1 1 . 3 1 . 3 2 . 1 . 1 . 1 . . . Fast Attach 47 | 1 2 . 1 . 9 2 3 . . 2 8 . 1 . . 4 . . . . 3 1 1 . . 3 1 1 . 4 . Attach 31 | 2 9 . . 3 . . 2 1 . 2 1 . . . . . . 2 . . 2 2 1 1 . . . 1 . 1 1 Detach 21 | 2 6 . 1 3 . . 3 . . 2 1 . . . . . . . . . . 1 1 . . . . . . 1 . Swap 36 | . . . . 1 4 2 4 1 . . 2 . . 1 . 2 . 1 . . 8 . . 1 . 4 . . 4 1 . Drop 46 | . 2 . 1 . 4 2 2 . . 4 5 . 1 . 1 5 . 1 1 . 7 3 . . . 3 1 . . 2 1 Fire 57 | 11 13 4 . 4 3 . 6 . . 6 . . . . . . . . . . 7 3 . . . . . . . . . Melee 194 | . . . . . 37 2 8 6 . 2 39 . . 4 2 . 5 4 6 4 1 10 20 . 2 . 7 7 . 15 13 Ram . | . . . . . . . . . . . . . . . . . . . . . . . . . . . . . . . . Kick . | . . . . . . . . . . . . . . . . . . . . . . . . . . . . . . . . Crush . | . . . . . . . . . . . . . . . . . . . . . . . . . . . . . . . . Escape Stasis 3 | . . . . . . . . . . . . . . . . . . . . . . . . . . . . . 3 . . Rewire . | . . . . . . . . . . . . . . . . . . . . . . . . . . . . . . . . Trap 54 | . 54 . . . . . . . . . . . . . . . . . . . . . . . . . . . . . . Miscellaneous . | . . . . . . . . . . . . . . . . . . . . . . . . . . . . . . . . Route ------- -11/Scrapyard -10/Materials (discovered 4 exits: [*Mat x2] / *Min x2) -10/Mines (discovered 2 exits: [*Mat] / *Exi) -10/Exiles (discovered 2 exits: *Min x2) -9/Mines -8/Materials -7/Factory (discovered 2 exits: *Low x2) -7/Lower Caves -7/Lower Caves (discovered 2 exits: *Fac / *Dat) -7/Data Miner -6/Proximity Caves -6/Factory (discovered 4 exits: *Fac x2 / Low x2) -6/Waste -6/Factory -6/Lower Caves -6/Lower Caves (discovered 2 exits: *Fac / *Zio) -6/Zion -5/Proximity Caves -5/Factory (discovered 3 exits: Fac / *Upp x2) -5/Upper Caves -5/Upper Caves -5/Warlord -4/Proximity Caves -4/Factory (discovered 5 exits: *Upp x2 / Ext x2 / Arm) -4/Upper Caves -4/Upper Caves -4/Zhirov -3/Proximity Caves -3/Research (discovered 2 exits: [*Tes] / DSF) -3/DSF -2/Research (discovered 4 exits: *Acc x3 / [*Qua]) -1/Access To Epsilon Eridani History --------- Turn | Location | Event 4 | -11/Scrapyard | Discovered new exit (range 16) 93 | -11/Scrapyard | Entered Materials 94 | -10/Materials | Met a group of wandering Federalists 111 | -10/Materials | Discovered new exit (range 16) 274 | -10/Materials | Discovered new exit (range 16) 311 | -10/Materials | Build established: Mutant 319 | -10/Materials | Discovered new exit (range 16) 381 | -10/Materials | Discovered new exit (range 16) 387 | -10/Materials | Identified exit to Mines 387 | -10/Materials | Entered Mines 425 | -10/Mines | Received a Rocket Launcher from a helpful Derelict 439 | -10/Mines | Discovered new exit (range 7) 444 | -10/Mines | Identified exit to Exiles 456 | -10/Mines | Found a damaged Exp. Sensor Array with a note attached 457 | -10/Mines | Found Prototype Device 504 | -10/Mines | A weapon hastily lodged in a ceiling crevice suddenly fell to the ground 513 | -10/Mines | Deemed a non-threat by the Exiles lab entrance 515 | -10/Mines | Entered Exiles 516 | -10/Exiles | Identified exit to Mines 525 | -10/Exiles | Met 8R-AWN 532 | -10/Exiles | Met EX-HEX 544 | -10/Exiles | Met EX-BIN 550 | -10/Exiles | Aligned with FarCom system 550 | -10/Exiles | Given EX-Vault access code 559 | -10/Exiles | Opened EX-Vault 562 | -10/Exiles | Found Supersonic Drone Bay 587 | -10/Exiles | Warned to stay clear of 0b10 Research branches 599 | -10/Exiles | Met EX-DEC 618 | -10/Exiles | Visited The Gauntlet 676 | -10/Exiles | Left Exiles lab with Supersonic Drone Bay 676 | -10/Exiles | Entered Mines 684 | -9/Mines | Assembled infested the area 696 | -9/Mines | Identified Exp. Sensor Array 731 | -9/Mines | Met a Derelict bent on vengeance 1088 | -9/Mines | Learned Materials terminal intel 1105 | -9/Mines | Discovered new exit (range 11) 1108 | -9/Mines | Learned location of Storage (-9) 1108 | -9/Mines | Identified exit to Materials 1119 | -9/Mines | Entered Materials 1119 | -8/Materials | Evolved 4 slots: Utility x4 1120 | -8/Materials | Loaded intel: 12 terminal locations 1668 | -8/Materials | Discovered new exit (range 18) 1689 | -8/Materials | Identified exit to Factory 1690 | -8/Materials | Entered Factory 1690 | -7/Factory | Evolved 2 slots: Utility x2 1703 | -7/Factory | Identified exit to Lower Caves 1752 | -7/Factory | Entered Lower Caves 1772 | -7/Lower Caves | Attracted the attention of an 0b10 checkpoint 1775 | -7/Lower Caves | Build established: Scout 1808 | -7/Lower Caves | Entered a destroyed Warlord outpost 1811 | -7/Lower Caves | Learned location of 1 exit from Factory 2045 | -7/Lower Caves | Learned Factory emergency access door positions 2100 | -7/Lower Caves | Encountered a Warlord checkpoint 2327 | -7/Lower Caves | Discovered new exit (range 7) 2330 | -7/Lower Caves | Identified exit to Lower Caves 2331 | -7/Lower Caves | Entered another Lower Caves area 2335 | -7/Lower Caves | Discovered new exit (range 24) 2343 | -7/Lower Caves | Discovered new exit (range 125) 2383 | -7/Lower Caves | Encountered a Warlord checkpoint 2596 | -7/Lower Caves | Learned 4 Factory zone layouts 2608 | -7/Lower Caves | Identified exit to Data Miner 2609 | -7/Lower Caves | Entered Data Miner 2609 | -7/Data Miner | Discovered new exit (range 6) 2618 | -7/Data Miner | Met Data Miner 2628 | -7/Data Miner | Learned location of Section 7 (-2) 2628 | -7/Data Miner | Acquired the access code to Warlord's prototype stash 2636 | -7/Data Miner | Received God Mode back door access code from Data Miner 2647 | -7/Data Miner | Identified exit to Proximity Caves 2648 | -7/Data Miner | Entered Proximity Caves 3133 | -6/Proximity Caves | Discovered new exit (range 5) 3134 | -6/Proximity Caves | Identified exit to Factory 3134 | -6/Proximity Caves | Entered Factory 3134 | -6/Factory | Evolved 2 slots: Utility x2 3135 | -6/Factory | Identified exit to Factory 3331 | -6/Factory | Identified exit to Lower Caves 3567 | -6/Factory | Discovered exit to Factory (range 19) 3569 | -6/Factory | Build established: Hacker-Scout 3657 | -6/Factory | Sucked down chute 3657 | -6/Factory | Entered Waste 3668 | -6/Waste | Spotted C-40 Crusher 3669 | -6/Waste | Spotted C-40 Crusher 3673 | -6/Waste | Spotted C-40 Crusher 3673 | -6/Waste | Spotted C-40 Crusher 3675 | -6/Waste | Spotted C-40 Crusher 3676 | -6/Waste | Discovered new exit (range 13) 3676 | -6/Waste | Spotted C-40 Crusher 3679 | -6/Waste | Identified exit to Factory 3680 | -6/Waste | Entered Factory 3697 | -6/Factory | Discovered exit to Lower Caves (range 5) 3700 | -6/Factory | Entered Lower Caves 3714 | -6/Lower Caves | Attracted the attention of an 0b10 checkpoint 3726 | -6/Lower Caves | Learned Factory stockpile data 3786 | -6/Lower Caves | Discovered new exit (range 5) 3787 | -6/Lower Caves | Identified exit to Lower Caves 3788 | -6/Lower Caves | Entered another Lower Caves area 3812 | -6/Lower Caves | Discovered exit to Factory (range 4) 3949 | -6/Lower Caves | Discovered new exit (range 11) 3953 | -6/Lower Caves | Identified exit to Zion 3956 | -6/Lower Caves | Entered Zion 3977 | -6/Zion | Discovered new exit (range 19) 4016 | -6/Zion | Given the Hacking Drone Bay 4046 | -6/Zion | Learned location of 1 exit from Factory 4047 | -6/Zion | Found Prototype Device 4047 | -6/Zion | Identified Mobile Refinery Mk. CCLXVII 4058 | -6/Zion | Learned location of 1 exit from Lower Caves 4099 | -6/Zion | Learned location of Quarantine (-2) 4105 | -6/Zion | Gained Derelict followers 4260 | -6/Zion | Identified exit to Proximity Caves 4347 | -6/Zion | Entered Proximity Caves 4347 | -5/Proximity Caves | Accompanied by 4 allies 4364 | -5/Proximity Caves | Learned Factory security intel 4482 | -5/Proximity Caves | Spotter reported a threat 4609 | -5/Proximity Caves | Discovered exit to Factory (range 17) 4614 | -5/Proximity Caves | Entered Factory 4614 | -5/Factory | Evolved 2 slots: Utility x2 4615 | -5/Factory | Identified exit to Factory 4634 | -5/Factory | Identified exit to Upper Caves 4677 | -5/Factory | Entered Upper Caves 4677 | -5/Upper Caves | Accompanied by 1 ally 4683 | -5/Upper Caves | Identified exit to Upper Caves 4723 | -5/Upper Caves | Learned Factory emergency access door positions 4749 | -5/Upper Caves | Learned Factory interactive machine intel 4761 | -5/Upper Caves | Entered another Upper Caves area 4761 | -5/Upper Caves | Accompanied by 1 ally 5178 | -5/Upper Caves | Encountered a Warlord checkpoint 5188 | -5/Upper Caves | Learned Factory trap positions 5241 | -5/Upper Caves | Discovered new exit (range 21) 5246 | -5/Upper Caves | Identified exit to Warlord 5255 | -5/Upper Caves | Entered Warlord 5255 | -5/Warlord | Accompanied by 1 ally 5298 | -5/Warlord | Found Prototype Device 5298 | -5/Warlord | Identified Minesniffer Drone Bay 5306 | -5/Warlord | Learned Research trap positions 5306 | -5/Warlord | Learned 4 Armory zone layouts 5306 | -5/Warlord | Learned Testing security intel 5306 | -5/Warlord | Learned Armory fabricator intel 5323 | -5/Warlord | Opened Warlord's prototype stash 5330 | -5/Warlord | Found Prototype Hackware 5330 | -5/Warlord | Identified System Mapper 5336 | -5/Warlord | Found Prototype Device 5336 | -5/Warlord | Identified Thermal Barrier 5340 | -5/Warlord | Found Prototype Processor 5340 | -5/Warlord | Identified Spectral Analyzer 5351 | -5/Warlord | Received a Watcher feed algorithm from an ecstatic Tinkerer 5357 | -5/Warlord | Visited the Vortex Lab 5379 | -5/Warlord | Warlord's base attacked by MAIN.C 5416 | -5/Warlord | Met Warlord 5711 | -5/Warlord | Opened side exit 5729 | -5/Warlord | Warlord forces counterattacked 5817 | -5/Warlord | Spotted Striker 5842 | -5/Warlord | Spotted Striker 5860 | -5/Warlord | Discovered new exit (range 12) 5863 | -5/Warlord | Identified exit to Proximity Caves 5863 | -5/Warlord | Entered Proximity Caves 5869 | -4/Proximity Caves | Destroyed 10 combat bots 5886 | -4/Proximity Caves | Lost 8 allies 5935 | -4/Proximity Caves | Spotter reported a threat 6039 | -4/Proximity Caves | Discovered exit to Factory (range 5) 6041 | -4/Proximity Caves | Entered Factory 6041 | -4/Factory | Evolved 2 slots: Utility x2 6042 | -4/Factory | Loaded intel: 99 trap records 6044 | -4/Factory | Loaded intel: 56 interactive machine locations 6045 | -4/Factory | Identified exit to Upper Caves 6045 | -4/Factory | Identified exit to Extension 6045 | -4/Factory | Identified exit to Armory 6074 | -4/Factory | Spotted B-86 Titan 6304 | -4/Factory | Entered Upper Caves 6384 | -4/Upper Caves | Discovered new exit (range 6) 6386 | -4/Upper Caves | Identified exit to Upper Caves 6387 | -4/Upper Caves | Entered another Upper Caves area 6471 | -4/Upper Caves | Discovered new exit (range 9) 6473 | -4/Upper Caves | Learned Research stockpile data 6475 | -4/Upper Caves | Identified exit to Zhirov 6476 | -4/Upper Caves | Entered Zhirov 6476 | -4/Zhirov | Discovered new exit (range 3) 6482 | -4/Zhirov | Met Zhirov 6489 | -4/Zhirov | Found Alien Artifact 6489 | -4/Zhirov | Identified Integrated Reactor 6489 | -4/Zhirov | Installed Integrated Reactor, increased core energy generation (+10) 6519 | -4/Zhirov | Learned location of Testing (-3) 6519 | -4/Zhirov | Learned location of Command (-1) 6522 | -4/Zhirov | Zhirov requested help retrieving the SGEMP Prototype 6531 | -4/Zhirov | Identified exit to Proximity Caves 6531 | -4/Zhirov | Entered Proximity Caves 6644 | -3/Proximity Caves | Build established: Hacker-Ninja 6767 | -3/Proximity Caves | Discovered new exit (range 15) 6770 | -3/Proximity Caves | Identified exit to Research 6770 | -3/Proximity Caves | Entered Research 6770 | -3/Research | Evolved 2 slots: Utility x2 6771 | -3/Research | Loaded intel: 94 trap records 6807 | -3/Research | Discovered new exit (range 21) 6913 | -3/Research | Identified exit to DSF 6913 | -3/Research | Entered DSF 6917 | -3/DSF | Discovered new exit (range 24) 6946 | -3/DSF | Additional patrols routed to DSF 6980 | -3/DSF | Identified exit to Research 6980 | -3/DSF | Entered Research 6980 | -2/Research | Warlord forces began assault on 0b10 6980 | -2/Research | Evolved 2 slots: Utility x2 6988 | -2/Research | Identified exit to Access 7084 | -2/Research | Spotted B-90 Cyclops 7090 | -2/Research | Research machine network offline 7129 | -2/Research | Spotted B-90 Cyclops 7129 | -2/Research | Discovered new exit (range 24) 7166 | -2/Research | Entered Access 7166 | -1/Access | Evolved 2 slots: Utility x2 7205 | -1/Access | Identified exit to Surface 7230 | -1/Access | Spotted B-99 Colossus 7314 | *** | Escaped! Last Messages --------------- Found 1 level access point to Surface: (94,149) Map updated. 07249_ Sneak attack on K-01 Serf. 07249_ Destroyed Lgt. Ion Engine. 07249_ K-01 Serf destroyed. 07250_ K-01 Serf collects debris. 07252_ Acquired 10 matter. 07257_ W-44 Eye sends out distress signal. 07267_ Mak. Cloaking Device destroyed. 07268_ P-80 Master destroyed. 07273_ Hacking Suite destroyed. 07279_ P-80 Master destroyed. 07285_ Connecting with Terminal... >>Open(Door) Sealed Barrier opened. 07286_ The Access Shell folds into the floor. 07289_ Sealed Heavy Doors breached. [Achievement: Inspector Gadget] [Achievement: True Flier] Map ----- +----------------------------------------------------+ | # ##??????????????????## " " + | | # ##??????????????????##""" # ####+#### | | # #########???????????## """ # ## | | # #########???????????## " # ## | | # ##???????????## # ## | | # ##???????????## # ## | | ######## ###########??########### ## | | ######## ###########??########### ## | | #?????## # ##???????????######## | | #?????## # [ ##???????????#########"##### | | #?????## # ##????????????????## | | ####?????## # " ##????????????????## | | ####?????## + """ ##????????????????## | | #?????## # """ ##????????????????## | | #?????##![+ " ##????????????????## """"" | | #?????##|%# ##????????????????## """"" | | " #?????##%!# ##????????????????## """"" | | " #?????##*!###########????????????????## """"" | | #?????##|=###################????????## """"" | | #?????##k ####### ###########????????## """"" | | #?????## """T""" ""???????? # | | #?????## """ """ "????BB??? # | | #?????## "????BB??? ###+##### | | #?????## "????????? | | #?????## "" ""???????? ? | | ####?????## @" """???? | | ?????????## "?? | | ?????????## """" BB ###+##### | | ?????????## "??" BB ## | | ?????????## """" ?????????? | | ?????????## ####### ###################?????????? | | ?????????## ###########################?????????? | | ?????????## ##???#####??????????????????????????? | | ?????????## ##??????????????????????????????????? | | ?????????## ##??????????????????????????????????? | | ?????????## ????????????????????????????????????? | | ?????????## ????????????????????????????????????? | | ?????????## ????????????????????????????????????? | | ?????????## ????????????????????????????????????? | | ?????????##t ????????????????????????????????????? | | ?????????## ????????????????????????????????????? | | ?????????## ????????????????????????????????????? | | ?????????## ????????????????????????????????????? | | ?????????## ????????????????????????????????????? | | ??????????? ????????????????????????????????????? | | ?????????????????????????????????????????????????? | | ?????????????????????????????????????????????????? | | ?????????????????????????????????????????????????? | | ?????????????????????????????????????????????????? | | ?????????????????????????????????????????????????? | +----------------------------------------------------+ Best States ------------- Heat Dissipation 52 Energy Generation 28 Energy Capacity 300 Matter Stores 300 Matter Capacity 300 Sight Range 24 Robot Scan Range 20 Terrain Scan Density 10 Cloak Strength 3 Additional Mass Support 9 Weapon Shielding 90 Evasion (%) 76 Targeting Accuracy 16 Melee Accuracy 24 Launcher Accuracy 20 Core Analysis 6 Offensive Hacking 63 Defensive Hacking 14 Item Schematics ----------------- Combat Drone Bay | -7/Data Miner | Free Lgt. Regenerative Plating | -7/Data Miner | Free Biomechanical Wings | -7/Data Miner | Free Exp. Propulsion Shielding | -7/Data Miner | Free Imp. Heavy Machine Gun | -7/Data Miner | Free Field Propulsion Drive | -7/Data Miner | Free Imp. Shock Absorption System | -7/Data Miner | Free Imp. Plasma Cutter | -7/Data Miner | Free Imp. Thermal Shield | -7/Data Miner | Free Adv. Coolant Injector | -7/Data Miner | Free Assault Drone Bay | -4/Zhirov | Free Exp. Heat Sink | -4/Zhirov | Free Exp. Optical Array | -4/Zhirov | Free Imp. Arc Thrower | -4/Zhirov | Free Robot Schematics ------------------ W-25 Informer | -7/Data Miner | Free D-53 Grenadier | -7/Data Miner | Free M-22 Extractor | -7/Data Miner | Free I-47 Archangel | -7/Data Miner | Free X-62 Marksman | -7/Data Miner | Free L-41 Fighter | -7/Data Miner | Free Fabricated ------------ Nothing Repaired ---------- Nothing Alien Tech Used ----------------- Integrated Reactor Achievements -------------- Inspector Gadget True Flier Challenges ------------ None Game ------ Seed ShiftSapperRail Manual? 0 Play Time 01:44:13 Cumulative 465.4 hours Start 2025.07.24 @ 12:51:56 End 2025.07.24 @ 15:31:36 Sessions 3 Manual Loads 0 Difficulty Rogue Special Mode None Game No. 200 Rogue 117 Adventurer 32 Explorer 51 Win Type 0 Total 51 Types 25/6/9/1/0/2/5/1/1/1 Lore% 95 Gallery% 91 Achievement% 85 Wizard Run 0 Options --------- Layout 2 ASCII 0 Keyboard 0 Movement Mouse Keybinds 0 Fullscreen 1 Font 32/Tamsyn Map View 50x44 Zoom Use 0% Tactical HUD 1 Map Filters NONE Filters NONE Steam 1 RUN: 120cdcae-4550-4457-84d9-bc7502996f70